 Dungeon Crawl Stone Soup version 0.18.1-48-g4cf74bf (webtiles) character file.

163917 rockintein the Executioner (level 16, -1/151 (152) HPs)
             Began as a Minotaur Berserker on June 25, 2016.
             Was a High Priest of Trog.
             Slain by a soul eater (19 damage)
             ... summoned by an orc high priest
             ... on level 2 of the Orcish Mines.
             The game lasted 01:12:00 (35241 turns).

rockintein the Executioner (Minotaur Berserker)    Turns: 35241, Time: 01:12:02

HP:   -1/151 (152)  AC:  0    Str: 28    XL:     16   Next: 99%
MP:   8/15          EV: 19    Int:  4    God:    Trog [*****.]
Gold: 2509          SH:  0    Dex: 11    Spells: 0 memorised, 15 levels left

rFire  . . .     SeeInvis .     (weapon currently unavailable)
rCold  . . .     Gourm    .     (armour currently unavailable)
rNeg   . . .     Faith    .     (shield currently unavailable)
rPois  .         Spirit   .     (helmet currently unavailable)
rElec  .         Dismiss  .     (cloak currently unavailable)
rCorr  .         Reflect  .     (gloves currently unavailable)
SustAt .         Harm     .     (boots currently unavailable)
MR     +++..                    (amulet currently unavailable)
Stlth  +.........               (ring currently unavailable)
                                (ring currently unavailable)

@: about to teleport, porcupine-form, regenerating, quick, extremely resistant
to hostile enchantments, very unstealthy
A: (retaliatory headbutt), (horns 0)
a: Berserk, Trog's Hand, Brothers in Arms, Burn Spellbooks, Renounce Religion
}: 1/15 runes: decaying


You were on level 2 of the Orcish Mines.
You worshipped Trog.
Trog was extremely pleased with you.
You were not hungry.
You were a spiny porcupine.
You visited 5 branches of the dungeon, and saw 30 of its levels.
You also visited: Labyrinth and Sewer.

You collected 2574 gold pieces.
You spent 65 gold pieces at shops.

Inventory:

Hand Weapons
 y - a +0 broad axe
 C - the +7 war axe "Papuchuv" (melded) {antimagic, MR+ MP+9}
   (You found it on level 15 of the Dungeon)

   It disrupts the flow of magical energy around spellcasters and certain
   magical creatures (including the wielder).
   It affects your resistance to hostile enchantments.
   It affects your magic capacity (+9).
Armour
 b - a +0 large shield (melded)
 d - a +0 plate armour (melded)
 h - a +0 pair of boots (melded)
 t - a +1 cloak (melded)
 P - a +0 pair of gloves (melded)
Jewellery
 a - a ring of protection from magic (melded)
 e - an uncursed ring of stealth
 n - a +4 ring of protection (melded)
 R - a +3 amulet of reflection (melded)
Wands
 A - a wand of disintegration (15/24)
Scrolls
 g - 11 scrolls of identify
 k - 15 scrolls of remove curse
 m - 2 scrolls of enchant armour
 r - a scroll of immolation
 s - a scroll of enchant weapon
 u - a scroll of teleportation
 L - 6 scrolls of magic mapping
 S - 3 scrolls of fog
 U - 3 scrolls of fear
Potions
 i - 2 potions of haste
 j - 2 potions of flight
 l - 12 potions of curing
 o - a potion of cancellation
 p - a potion of berserk rage
 q - a potion of magic
 v - a potion of might
 x - 2 potions of brilliance
 z - a potion of heal wounds
 B - a potion of resistance
Books
 w - an Akashic Record

   Spells                             Type                      Level
   a - Dispersal                      Translocation                6
   b - Malign Gateway                 Summoning/Translocation      7
   c - Disjunction                    Translocation                8
   d - Controlled Blink               Translocation                8
   Trog disapproves of the use of such an item.
Comestibles
 c - 10 bread rations
 f - 5 chunks of flesh


   Skills:
 + Level 16.7 Fighting
 * Level 22.0 Axes
 - Level 20.7 Armour
 - Level 2.1 Dodging
 + Level 11.0 Shields


You had 15 spell levels left.
You didn't know any spells.

Dungeon Overview and Level Annotations

Branches:
Dungeon (15/15)            Temple (1/1) D:4            Lair (8/8) D:8
  Swamp (4/4) Lair:4       Spider (0/4) Lair:3        Slime (0/6) Lair:6
    Orc (2/2) D:10            Elf (0/3) Orc:2        Vaults (0/5) D:13
 Depths (0/5) D:15

Altars:
Cheibriados
Dithmenos
Elyvilon
Fedhas
Gozag
Makhleb
Nemelex Xobeh
Okawaru
Pakellas
Qazlal
Ru
Sif Muna
Trog
Xom
Yredelemnul
Zin
The Shining One
Jiyva

Shops:
D:7 }   D:12 ?   D:15 :   Orc:2 *

Portals:
Hell: Lair:8
Trove: D:10 (give 7 potions of haste)

Annotations:
D:9 Erica
Lair:6 1 runed door


Innate Abilities, Weirdness & Mutations

((You reflexively headbutt those who attack you in melee.))
((You have a pair of horns on your head.))


Message History

Beogh smites you!
* * * LOW HITPOINT WARNING * * *
You block the orc high priest's attack.
The orc high priest hits you but does no damage.
You block the ice devil's attack. The chaos spawn hits you.
* * * LOW HITPOINT WARNING * * *
You turn into a spiny porcupine.
The +7 war axe "Papuchuv" {antimagic, MR+ MP+9} melds into your body.
Your +1 cloak melds into your body.
Your +0 pair of gloves melds into your body.
Your +0 pair of boots melds into your body.
Your +0 large shield melds into your body.
Your +0 plate armour melds into your body.
Your +4 ring of protection melds into your body.
Your ring of protection from magic melds into your body.
Your +3 amulet of reflection melds into your body.
You feel magic returning to you.
The soul eater is struck by your spines.
The soul eater barely misses you. The soul eater hits you!!
You die...

...$..$........#
................#
..................#
##.................# #
..................# ...
...............o.#....
###...........4o3oo....
##..#..........3ro4o....
#..............33ooo....
#...............3o......
#.......................
#..................#...o
##.................#....
##................# ###
#.................#
#................


You could see an orc warlord, 2 orc knights, 2 soul eaters, 2 orc high priests,
a sun demon, an orange demon, an ice devil, 2 chaos spawn, an orc sorcerer, an
orc warrior, 3 orc priests and an orc.

Vanquished Creatures
  A bone dragon (Swamp:4)
  Jorgrun (Swamp:4)
  Rupert (Lair:8)
  Frances (Swamp:1)
  The ghost of whitenoisemaker the Fencer, a journeyman DsGl of Okawaru (D:11)
  A dire elephant (Lair:8)
  Snorg (Orc:1)
  An ogre mage (D:15)
  A minotaur (Lab)
  Fannar (Lair:3)
  A yaktaur captain (D:14)
  27 hydras
  Erolcha (Orc:1)
  Harold (D:11)
  A catoblepas (Lair:6)
  2 ghost crabs (Swamp:4)
  4 centaur warriors
  2 tengu warriors
  5 alligators
  Sonja (Lair:4)
  A sun demon (Lair:8)
  4 skeletal warriors
  A spectral hydra (Swamp:4)
  3 unseen horrors
  A wizard (Lair:8)
  2 shambling mangroves (Swamp:3)
  3 swamp dragons
  6 hill giants
  A necromancer (D:13)
  2 orc knights
  2 phantasmal warriors (Swamp:4)
  A wolf spider (D:14)
  5 ugly things
  4 manticores
  An orc sorcerer (Orc:1)
  A deep elf mage (D:13)
  4 griffons
  A salamander (D:15)
  5 hornets
  5 cyclopes
  A centaur zombie (D:15)
  21 elephants
  6 black mambas
  A torpor snail (Lair:7)
  20 spiny frogs
  5 centaur skeletons
  A smoke demon (Lair:8)
  4 rime drakes
  6 orange demons (Lair:8)
  2 kobold demonologists (D:14)
  5 swamp worm zombies (Swamp:4)
  12 komodo dragons
  An efreet (D:15)
  A hellwing (Lair:8)
  A tengu conjurer (D:14)
  An ice devil (Lair:8)
  3 red devils (Lair:8)
  5 hydra zombies (Swamp:4)
  9 trolls
  A wind drake (shapeshifter) (D:13)
  7 two-headed ogres
  2 polar bears (Lair:5)
  5 giant leeches
  11 bog bodies
  23 blink frogs
  An alligator zombie (Swamp:4)
  11 slime creatures
  3 spectral swamp dragons (Swamp:4)
  The ghost of Aquadorian the Cutter, an amateur OpAs of Nemelex Xobeh (D:3)
  Sigmund (D:6)
  2 shadows
  5 spriggans
  A spriggan (shapeshifter) (D:14)
  2 wyverns
  55 yaks
  A human (D:9)
  3 wraiths
  A yak (shapeshifter) (D:14)
  A hog (shapeshifter) (D:15)
  3 basilisks
  7 hungry ghosts
  10 hippogriffs
  18 vampire mosquitoes
  A mottled dragon (D:14)
  12 insubstantial wisps
  23 swamp worms
  A soldier ant (D:13)
  3 wargs
  17 porcupines
  15 water moccasins
  5 swamp drakes
  18 orc warriors
  3 ice beasts (D:12)
  8 sky beasts
  A black bear (D:13)
  3 eyes of draining
  8 phantoms
  2 swamp dragon zombies (Swamp:4)
  23 ogres
  12 wasps
  8 centaurs
  4 wolves (Lair:5)
  23 crocodiles
  9 big kobolds
  15 giant frogs
  A wyvern zombie (D:6)
  2 wyvern skeletons (D:10)
  5 scorpions
  7 killer bees
  9 wights
  15 howler monkeys
  3 electric eels
  2 crimson imps
  A lava snake (D:10)
  A giant frog zombie (D:12)
  10 hounds
  14 orc priests
  5 jellies
  A giant frog skeleton (D:5)
  14 iguanas
  Jessica (D:2)
  Ijyb (D:3)
  22 orc wizards
  3 spectral swamp drakes (Swamp:4)
  11 worker ants
  27 sheep
  2 hound skeletons
  3 gnolls (Orc:2)
  15 adders
  31 river rats
  A swamp drake zombie (Swamp:4)
  5 shadow imps
  6 oozes (Sewer)
  2 adder zombies (D:9)
  An adder skeleton (D:4)
  10 worms
  4 dart slugs
  5 giant geckos
  44 orcs
  5 giant cockroaches
  3 goblins
  5 hobgoblins
  9 jackals
  4 quokkas
  6 ball pythons
  4 bats
  A giant gecko skeleton (D:6)
  A giant gecko zombie (D:6)
  4 giant newts
  A jackal skeleton (D:7)
  33 kobolds
  A quokka skeleton (D:4)
  A quokka zombie (D:6)
  11 rats
  13 fungi
  5 plants
993 creatures vanquished.

Vanquished Creatures (others)
  A thorn hunter (Swamp:4)
  2 centaur warriors
  A tengu warrior (D:14)
  An unseen horror (D:14)
  A phantom (Swamp:4)
  A centaur (D:14)
  3 kobolds
  7 fungi
  5 plants
22 creatures vanquished.

Grand Total: 1015 creatures vanquished

Notes
Turn   | Place    | Note
--------------------------------------------------------------
     0 | D:1      | rockintein the Minotaur Berserker began the quest for the Orb.
     0 | D:1      | Reached XP level 1. HP: 19/19 MP: 0/0
    40 | D:1      | Reached skill level 4 in Axes
    42 | D:1      | Reached XP level 2. HP: 20/27 MP: 1/1
   755 | D:2      | Reached XP level 3. HP: 33/33 MP: 2/2
  1053 | D:2      | Noticed Jessica
  1066 | D:2      | Killed Jessica
  1066 | D:2      | Reached skill level 5 in Axes
  1066 | D:2      | Reached XP level 4. HP: 38/40 MP: 3/3
  1115 | D:2      | Reached ** piety under Trog
  1122 | D:2      | Found a glowing silver altar of Zin.
  1123 | D:2      | Found an opulent altar of Gozag.
  1274 | D:2      | Found a blossoming altar of Fedhas.
  1657 | D:3      | Noticed Aquadorian's ghost (amateur OpAs)
  1667 | D:3      | Killed Aquadorian's ghost
  1667 | D:3      | Reached skill level 6 in Axes
  1667 | D:3      | Reached XP level 5. HP: 47/47 MP: 4/4
  1906 | D:3      | You fall through a shaft for 2 floors!
  1906 | D:5      | Entered Level 5 of the Dungeon
  1935 | D:5      | Reached skill level 5 in Fighting
  1935 | D:5      | Reached XP level 6. HP: 49/56 MP: 5/5
  2145 | D:3      | Noticed Ijyb
  2157 | D:3      | Killed Ijyb
  2670 | D:4      | Reached skill level 7 in Axes
  2823 | D:4      | Found a stormy altar of Qazlal.
  2920 | D:4      | Reached skill level 5 in Armour
  2920 | D:4      | Reached XP level 7. HP: 57/62 MP: 6/6
  3403 | D:4      | Found a staircase to the Ecumenical Temple.
  3698 | D:5      | Found a white marble altar of Elyvilon.
  3965 | D:5      | Found a basalt altar of Yredelemnul.
  4128 | D:6      | Noticed Sigmund
  4137 | D:6      | Killed Sigmund
  4137 | D:6      | Reached skill level 8 in Axes
  4311 | D:6      | Reached XP level 8. HP: 24/71 MP: 7/7
  4380 | D:6      | Reached skill level 9 in Axes
  4473 | D:6      | Found a glowing drain.
  4480 | Sewer    | Entered a sewer
  4927 | Sewer    | Reached *** piety under Trog
  5002 | Sewer    | Reached skill level 10 in Axes
  5801 | D:7      | Reached XP level 9. HP: 77/80 MP: 8/8
  6000 | D:7      | Found Hotul's Gadget Shop.
  6038 | D:7      | Found a blossoming altar of Fedhas.
  6285 | D:8      | Reached skill level 11 in Axes
  6329 | D:8      | Found a staircase to the Lair.
  6454 | D:8      | Reached **** piety under Trog
  6567 | D:8      | Reached skill level 12 in Axes
  6774 | D:8      | Found a snail-covered altar of Cheibriados.
  7115 | D:8      | Found a deep blue altar of Sif Muna.
  7198 | D:8      | Reached XP level 10. HP: 91/91 MP: 9/9
  7311 | D:9      | Received a gift from Trog
  7372 | D:9      | Noticed Erica
  7387 | D:9      | You fall through a shaft!
  7387 | D:10     | Entered Level 10 of the Dungeon
  7647 | D:10     | Found a staircase to the Orcish Mines.
  7732 | D:10     | Found a portal to a secret trove of treasure.
  7816 | D:10     | Noticed a hill giant
  7824 | D:10     | Killed a hill giant
  7866 | D:10     | Reached skill level 13 in Axes
  7898 | D:10     | Reached skill level 10 in Armour
  7978 | D:10     | Reached skill level 10 in Fighting
  8209 | D:10     | Noticed a red ugly thing
  8222 | D:10     | Killed a red ugly thing
  8547 | D:10     | Noticed a hill giant
  8553 | D:10     | Killed a hill giant
  8817 | D:11     | Reached skill level 14 in Axes
  8911 | D:11     | Found an iron altar of Okawaru.
  8940 | D:11     | Reached XP level 11. HP: 69/101 MP: 10/10
  9020 | D:11     | Noticed Harold
  9028 | D:11     | Killed Harold
  9232 | D:11     | Noticed whitenoisemaker's ghost (journeyman DsGl)
  9253 | D:11     | Killed whitenoisemaker's ghost
  9690 | D:11     | Noticed a hill giant
  9702 | D:11     | Killed a hill giant
  9819 | D:11     | Noticed a hill giant
  9824 | D:11     | Killed a hill giant
  9859 | D:11     | Reached skill level 15 in Axes
  9943 | D:11     | Killed an unseen horror
 10810 | D:12     | Found Qummegu's Magic Scroll Boutique.
 11500 | D:9      | Reached XP level 12. HP: 102/112 MP: 11/11
 11531 | D:9      | Reached skill level 16 in Axes
 12134 | Lair:1   | Entered Level 1 of the Lair of Beasts
 12134 | Lair:1   | Noticed a four-headed hydra
 12147 | Lair:1   | Killed a nine-headed hydra
 12241 | Lair:1   | Noticed a seven-headed hydra
 12256 | Lair:1   | Killed a 13-headed hydra
 12919 | Lair:2   | Reached ***** piety under Trog
 12976 | Lair:2   | Noticed a six-headed hydra
 12993 | Lair:2   | Killed a 13-headed hydra
 13201 | Lair:2   | Noticed a five-headed hydra
 13210 | Lair:2   | Killed a seven-headed hydra
 13210 | Lair:2   | Reached skill level 17 in Axes
 14056 | Lair:3   | Noticed Fannar
 14084 | Lair:3   | Killed Fannar
 14362 | Lair:3   | Reached XP level 13. HP: 60/122 MP: 12/12
 14643 | Lair:3   | Found a hole to the Spider Nest.
 15095 | Lair:3   | Reached skill level 18 in Axes
 15757 | Lair:4   | Noticed Sonja
 16024 | Lair:4   | Found a labyrinth entrance.
 16035 | Lab      | Entered a labyrinth
 16436 | Lab      | Noticed a minotaur
 16446 | Lab      | Killed a minotaur
 16453 | Lab      | Identified the Handbook of Enhancements
 16603 | Lair:4   | Reached skill level 1 in Shields
 16724 | Lair:4   | Killed Sonja
 17545 | Lair:4   | Found a staircase to the Swamp.
 18532 | Lair:5   | Reached skill level 19 in Axes
 18990 | Lair:5   | Reached XP level 14. HP: 118/132 MP: 13/13
 19879 | Lair:6   | Found a runed door.
 19880 | Lair:6   | Found a viscous altar of Jiyva.
 19981 | Lair:6   | Noticed an acid blob
 19982 | Lair:6   | Noticed an acid blob
 19990 | Lair:6   | Found a staircase to the Slime Pits.
 20439 | Lair:6   | Reached skill level 5 in Shields
 20446 | Lair:6   | Received a gift from Trog
 21841 | Lair:8   | Entered Level 8 of the Lair of Beasts
 22800 | Lair:8   | Noticed Rupert
 22813 | Lair:8   | Killed Rupert
 22813 | Lair:8   | Reached skill level 15 in Fighting
 22813 | Lair:8   | Reached skill level 15 in Armour
 22931 | Lair:8   | Reached skill level 20 in Axes
 23211 | Lair:8   | Found a burning altar of Makhleb.
 23482 | Lair:8   | Found a gateway to Hell.
 23871 | Lair:8   | Reached XP level 15. HP: 127/141 MP: 14/14
 24509 | D:13     | Received a gift from Trog
 24579 | D:13     | Found a gate to the Vaults.
 24903 | D:13     | You fall through a shaft for 2 floors!
 24903 | D:15     | Entered Level 15 of the Dungeon
 26152 | D:14     | Found an oddly glowing altar of Pakellas.
 26450 | Temple   | Entered the Ecumenical Temple
 27088 | D:14     | Received a gift from Trog
 27558 | D:15     | Found Ceimo's Book Emporium.
 28097 | D:15     | Found a staircase to the Depths.
 28103 | D:15     | Got a warped war axe
 28104 | D:15     | Identified the +7 war axe "Papuchuv" {antimagic, MR+ MP+9} (You found it on level 15 of the Dungeon)
 28437 | Swamp:1  | Entered Level 1 of the Swamp
 28444 | Swamp:1  | Received a gift from Trog
 28759 | Swamp:1  | Noticed Frances
 28769 | Swamp:1  | Killed Frances
 29163 | Swamp:1  | Reached XP level 16. HP: 107/150 MP: 8/15
 29381 | Swamp:2  | HP: 1/150 [poisoned by a swamp dragon (poison gas)]
 31370 | Swamp:3  | Reached skill level 21 in Axes
 32100 | Swamp:4  | Entered Level 4 of the Swamp
 32513 | Swamp:4  | Noticed Jorgrun
 32612 | Swamp:4  | Reached skill level 10 in Shields
 32616 | Swamp:4  | Killed Jorgrun
 32981 | Swamp:4  | Noticed a thorn hunter
 33001 | Swamp:4  | Killed a thorn hunter
 33411 | Swamp:4  | Noticed a bone dragon
 33439 | Swamp:4  | Killed a bone dragon
 33447 | Swamp:4  | Got a decaying rune of Zot
 34199 | Orc:1    | Entered Level 1 of the Orcish Mines
 34234 | Orc:1    | Noticed Snorg
 34245 | Orc:1    | Killed Snorg
 34334 | Orc:1    | You fall through a shaft!
 34334 | Orc:2    | Entered Level 2 of the Orcish Mines
 34341 | Orc:2    | Received a gift from Trog
 34353 | Orc:2    | Reached skill level 22 in Axes
 34367 | Orc:1    | Noticed Erolcha
 34371 | Orc:1    | Killed Erolcha
 34763 | Orc:2    | Found Witauly's General Store.
 34765 | Orc:2    | Found a staircase to the Elven Halls.
 34799 | Orc:2    | Received a gift from Trog
 35067 | Orc:2    | Bought a potion of heal wounds for 65 gold pieces
 35241 | Orc:2    | Slain by a soul eater

Skill      XL: |  1  2  3  4  5  6  7  8  9 10 11 12 13 14 15 16 |
---------------+-------------------------------------------------+-----
Axes           | 4 5 6 7 8 10 12 14 15 17 19 20 22 | 22.0
Fighting       | 4 5 6 7 9 10 11 13 14 15 16 | 16.7
Armour         | 3 4 5 6 7 9 10 12 13 14 15 20 | 20.7
Shields        | 4 7 8 11 | 11.0
Dodging        | |  2.1

Action                   |  1- 3 |  4- 6 |  7- 9 | 10-12 | 13-15 | 16-18 || total
-------------------------+-------+-------+-------+-------+-------+-------++-------
Melee: Hand axe          |    61 |    98 |   474 |       |       |       ||   633
       Headbutt          |    11 |    16 |   100 |   133 |   352 |   163 ||   775
       War axe           |       |       |     1 |   304 |   126 |   622 ||  1053
       Battleaxe         |       |       |       |   283 |   164 |       ||   447
       Broad axe         |       |       |       |       |  1147 |       ||  1147
Invok: Trog's Hand       |       |     3 |    12 |    18 |    27 |    19 ||    79
       Berserk           |       |     2 |     5 |    14 |    24 |    11 ||    56
  Use: Scroll            |       |     8 |     4 |     4 |    20 |     3 ||    39
       Potion            |       |     4 |     7 |       |     7 |     4 ||    22
 Stab: Invisible         |       |       |       |       |     3 |       ||     3
       Distracted        |       |       |       |       |     1 |       ||     1
  Eat: Chunk             |       |     8 |    21 |    38 |    62 |     9 ||   138
       Fruit             |       |     1 |       |       |    12 |       ||    13
       Meat ration       |       |       |       |     1 |     2 |     1 ||     4
       Royal jelly       |       |       |       |       |     1 |     1 ||     2
       Bread ration      |       |       |       |       |       |     5 ||     5
       Beef jerky        |       |       |       |       |       |     1 ||     1
Armor: Scale mail        |     9 |    33 |    88 |       |       |       ||   130
       Animal skin       |     1 |       |       |       |       |       ||     1
       Chain mail        |       |       |    72 |    71 |       |       ||   143
       Plate armour      |       |       |       |   322 |   877 |   416 ||  1615
Dodge: Dodged            |    32 |    42 |   186 |   244 |   248 |   125 ||   877
Block: Large shield      |       |       |       |       |  1148 |   639 ||  1787
       Reflection        |       |       |       |       |    42 |     2 ||    44
